 Dungeon Crawl Stone Soup version 0.30-a0-4-ga7cffc901d (webtiles) character file.

Game seed: 14485929130816298408

114 Setbun the Cutter (level 5, -7/30 HPs)
             Began as a Kobold Brigand on Aug 21, 2022.
             Mangled by Natasha (8 damage)
             ... on level 3 of the Dungeon.
             The game lasted 00:02:48 (2900 turns).

Setbun the Cutter (Kobold Brigand)                  Turns: 2900, Time: 00:02:48

Health: -7/30      AC:  4    Str:  9    XL:     5   Next: 18%
Magic:  5/5        EV: 14    Int: 12    God:
Gold:   166        SH:  0    Dex: 18    Spells: 4/4 levels left

rFire   . . .      SeeInvis .    s - +1 dagger (vamp)
rCold   . . .      Faith    .    (no shield)
rNeg    . . .      Spirit   .    b - +0 robe
rPois   .          Reflect  .    (no helmet)
rElec   .          Harm     .    c - +0 cloak
rCorr   .          Rampage  .    q - +0 pair of gloves
Will    .....                    (no boots)
Stlth   ++++......               (no amulet)
HPRegen 0.10/turn                (no ring)
MPRegen 0.09/turn                (no ring)

@: no status effects
A: small, no large weapons, nightstalker 3
a: no special abilities


You were on level 3 of the Dungeon.
You visited 1 branch of the dungeon, and saw 3 of its levels.

You collected 166 gold pieces.

Inventory:

Hand Weapons
 a - a +2 dagger
 s - a +1 vampiric dagger (weapon)
Missiles
 d - 9 poisoned darts (quivered)
 e - 3 curare-tipped darts
Armour
 b - a +0 robe (worn)
 c - a +0 cloak (worn)
 q - a +0 pair of gloves (worn)
Jewellery
 j - a ring of protection from fire
Scrolls
 f - a scroll of butterflies {unknown}
 g - 3 scrolls of noise {unknown}
 i - a scroll of magic mapping {unknown}
 k - a scroll of poison {unknown}
 m - 2 scrolls of teleportation {unknown}
 p - a scroll of enchant armour {unknown}
Potions
 h - a potion of curing
 l - a potion of flight {unknown}
 n - a potion of berserk rage {unknown}
 o - a potion of invisibility {unknown}
 r - a potion of degeneration {unknown}


   Skills:
 - Level 2.1 Fighting
 * Level 6.6 Short Blades
 - Level 2.1 Throwing
 - Level 1.2 Dodging
 - Level 5.3 Stealth


You had 4 spell levels left.
You didn't know any spells.
Your spell library was empty.

Dungeon Overview and Level Annotations

Branches:
Dungeon (3/15)

Altars:

Shops:
D:3 *

Annotations:
D:3 Natasha


Innate Abilities, Weirdness & Mutations

You are small and have problems with some larger weapons.
You are completely attuned to the shadows.


Message History

The crimson imp hits you.
You closely miss the crimson imp.
The crimson imp is moderately wounded.
The crimson imp blinks!
You hit Natasha.
You feel better.
Natasha is heavily wounded.
The crimson imp disappears in a puff of smoke!
You completely miss Natasha.
Natasha is heavily wounded.
Natasha mumbles some strange words.
You hit Natasha.
You feel better.
Natasha is severely wounded.
Natasha closely misses you.
You closely miss Natasha.
Natasha is severely wounded.
The crimson imp hits you.
You hit Natasha.
Natasha is severely wounded.
Natasha barely misses you.
You closely miss Natasha.
Natasha is severely wounded.
The crimson imp blinks!
Natasha barely misses you.
You completely miss Natasha.
Natasha is severely wounded.
You hit Natasha but do no damage.
Natasha is severely wounded.
Natasha extends her claws.
Natasha claws you! The iron imp hits you.
You hit Natasha but do no damage.
Natasha is severely wounded.
Natasha claws you.
* * * LOW HITPOINT WARNING * * *
You hit Natasha.
You feel better.
Natasha is almost dead.
The iron imp hits you.
* * * LOW HITPOINT WARNING * * *
You barely miss Natasha.
Natasha is almost dead.
Natasha claws you!
You die...

#.#...###
#.#####
####.#####
.........#
####.###..
#......#
#$#.##...# #
#.#.##...# ..
#.#..)..@#
...#.#####5h#
..........5.#
............#
###..[<.......
#..##########
#..


You could see an iron imp (summoned), Natasha and a crimson imp (summoned).

Vanquished Creatures
  Natasha (D:3)
  2 adders (D:3)
  A gnoll (D:1)
  A dart slug (D:1)
  5 endoplasms
  A giant cockroach (D:2)
  5 hobgoblins
  7 jackals (D:1)
  3 quokkas
  6 ball pythons
  6 bats
  A frilled lizard (D:1)
  7 goblins
  4 kobolds (D:1)
  6 rats
56 creatures vanquished.

Notes
Turn   | Place    | Note
-------+----------+-------------------------------------------
     0 | D:1      | Setbun the Kobold Brigand began the quest for the Orb.
     0 | D:1      | Reached XP level 1. HP: 12/12 MP: 1/1
    51 | D:1      | Reached skill level 3 in Short Blades
   343 | D:1      | Reached XP level 2. HP: 14/17 MP: 2/2
   527 | D:1      | Reached skill level 4 in Short Blades
   945 | D:1      | Reached XP level 3. HP: 14/21 MP: 3/3
  1209 | D:1      | Reached skill level 5 in Short Blades
  1633 | D:2      | Reached XP level 4. HP: 24/26 MP: 4/4
  2476 | D:2      | Found a faded altar of an unknown god.
  2594 | D:3      | Found Icwecipu's Assorted Antiques.
  2647 | D:3      | Reached skill level 6 in Short Blades
  2673 | D:3      | Noticed Natasha
  2681 | D:3      | Killed Natasha
  2682 | D:3      | Reached XP level 5. HP: 24/30 MP: 5/5
  2854 | D:3      | Noticed Natasha
  2899 | D:3      | HP: 1/30 [iron imp[Natasha] (6)]
  2900 | D:3      | Mangled by Natasha

Illustrated notes

Levels and vault maps discovered:
D:1:      shiori_arrival_whats_in_store_for_you, layout_basic
D:2:      layout_basic, ebering_ecumenical_altar_webs, grunt_ministairs_4
D:3:      layout_basic, lemuel_tele_altar, serial_shops, shop,
          kennysheep_generic_room_10, uniq_natasha

Skill      XL: |  1  2  3  4 |
---------------+-------------+-----
Short Blades   | 3 4 5 6 |  6.6
Fighting       | |  2.1
Throwing       | |  2.1
Dodging        | |  1.2
Stealth        | |  5.3

Action                   |  1- 3 |  4- 6 || total
-------------------------+-------+-------++-------
Melee: Dagger            |   116 |    85 ||   201
       Punch             |     1 |       ||     1
  Use: Potion            |       |     1 ||     1
 Stab: Sleeping          |     8 |    11 ||    19
Armor: Robe              |    28 |    12 ||    40
Dodge: Dodged            |   104 |    48 ||   152

Table legend: (Time is in decaauts)
 A = Elapsed time spent in this place.
 B = Non-inter-level travel time spent in this place.
 C = Inter-level travel time spent in this place.
 D = Time resting spent in this place.
 E = Time spent auto-exploring this place.
 F = Levels seen in this place.
 G = Mean time per level.
                   A        B        C        D        E       F      G
               +--------+--------+--------+--------+--------+-----+--------+
         Total |   2849 |   2829 |     20 |    766 |   1665 |   3 |  949.7 |
       Dungeon |   2849 |   2829 |     20 |    766 |   1665 |   3 |  949.7 |
               +--------+--------+--------+--------+--------+-----+--------+

Top non-repeatable levels by time:
     D:1: 1463 daAuts
     D:2: 1098 daAuts
     D:3: 287 daAuts
